Map: Submarine LE

Players

A.I. 1 (Very Easy)

  • Race: Zerg Zerg
  • Spawn Location: 5:00

Duke - Winner!

  • Race: Protoss Protoss
  • League: Diamond
  • Spawn Location: 11:00

VOD

Have the link to the VOD?

Description

Time

  • Played on: Jan. 24, 2021, 10:07 p.m.
  • Length: 9:57
Show
View Real Time Build Order
Export as new Build Order

A.I. 1 (Very Easy) Zerg 

Build Orders: Pool Only 

Get SALT Encoding   

  12  0:01  Drone  
  13  0:12  Overlord  
  13  0:16  Drone  
  14  0:36  Spawning Pool  
  14  0:37  Extractor  
  13  0:46  Drone  
  14  0:51  Overlord  
  14  1:22  Queen  
  14  1:24  Zergling x2  
  17  1:30  Roach Warren  
  17  1:32  Extractor  
  15  1:36  Drone  
  16  1:42  Zergling x2  
  16  1:43  Drone  
  18  1:57  Drone  
  18  2:00  Zergling x2  
  20  2:08  Drone  
  21  2:18  Drone  
  22  2:29  Drone  
  23  2:30  Overlord  
  23  2:36  Drone  
  24  2:44  Drone  
  25  5:37  Zergling x2  
  23  5:44  Drone  
  23  5:45  Lair  
  24  5:52  Drone  
  24  5:53  Overlord  
  25  5:59  Drone  
  26  6:06  Drone  
  27  6:13  Drone  
  27  6:17  Zergling x2  
  29  6:42  Overseer x2  
  29  6:57  Zergling x2  
  25  7:30  Drone  
  25  7:37  Roach  
  25  7:38  Drone  
  27  7:47  Drone  
  26  8:00  Drone  
  25  8:07  Drone  
  23  8:15  Drone  
  23  8:18  Zergling x2  
  24  8:22  Drone  
  24  8:29  Drone  
  24  8:36  Drone  
  24  8:43  Drone  
  23  8:50  Drone  
  23  8:58  Roach, Drone  
  25  9:05  Drone  
  26  9:26  Roach  
  24  9:33  Overseer  
  24  9:36  Drone  
  24  9:43  Drone  
Show
View Real Time Build Order
Export as new Build Order

Duke Protoss - Winner!

Build Orders:  

Get SALT Encoding   

  12  0:00  Probe  
  13  0:12  Probe  
  14  0:17  Pylon  
  14  0:24  Probe  
  15  0:35  Gateway  
  15  0:37  Probe  
  16  0:45  Assimilator  
  16  0:49  Probe  
  17  0:59  Forge  
  17  1:02  Probe  
  18  1:10  Pylon  
  18  1:22  Cybernetics Core  
  18  1:32  Photon Cannon  
  18  1:43  Photon Cannon  
  18  1:59  Robotics Facility  
  18  2:01  Shield Battery  
  18  2:10  Shield Battery  
  18  2:16  Pylon  
  18  2:20  Probe  
  19  2:43  Immortal (Chrono Boost)  
  19  2:48  Shield Battery  
  23  2:55  Shield Battery  
  23  3:11  Warp Prism (Chrono Boost)  
  25  3:35  Immortal (Chrono Boost)  
  25  3:40  Shield Battery  
  29  4:00  Immortal (Chrono Boost)  
  33  4:07  Pylon  
  33  4:15  Shield Battery  
  33  4:34  Immortal  
  33  4:37  Probe  
  38  4:43  Assimilator  
  38  4:52  Shield Battery  
  38  5:12  Immortal (Chrono Boost)  
  42  5:18  Adept  
  44  5:25  Pylon  
  44  5:43  Immortal  
  48  5:52  Adept  
  50  6:02  Shield Battery  
  50  6:19  Immortal (Chrono Boost)  
  54  6:26  Pylon  
  54  6:52  Immortal (Chrono Boost)  
  54  6:53  Adept  
  60  7:01  Pylon  
  60  7:23  Adept  
  60  7:28  Immortal (Chrono Boost)  
  66  7:53  Adept  
  66  7:57  Pylon  
  68  8:01  Immortal (Chrono Boost)  
  71  8:23  Adept  
  73  8:36  Immortal (Chrono Boost)  
  73  8:38  Pylon  
  77  8:53  Adept  
  79  9:10  Immortal (Chrono Boost)  
  83  9:23  Stalker  
  85  9:24  Pylon  
Tags
 
League
Diamond
Matchup
PvZ
Opening
Pool Only
Spawn Locations
Cross Positions
Add a new tag
Caveats
  • Supply blocks, unpowered buildings, or Contaminate may cause inaccurate times.
  • Supply counts are checked every 10 seconds.